 Dungeon Crawl Stone Soup version 0.28-a0-1227-ga9037bb4c8 (webtiles) character file.

Game seed: 16149823641492192484

126 HessuHobo the Changer (level 4, -3/36 HPs)
             Began as a Draconian Transmuter on Dec 22, 2021.
             Slain by a gnoll shaman (8 damage)
             ... on level 4 of the Dungeon.
             The game lasted 00:08:02 (3998 turns).

HessuHobo the Changer (Draconian Transmuter)        Turns: 3998, Time: 00:08:03

Health: -3/36      AC:  6    Str: 12    XL:     4   Next: 84%
Magic:  7/7        EV: 12    Int: 15    God:
Gold:   122        SH:  0    Dex: 12    Spells: 6/7 levels left

rFire   . . .      SeeInvis .     - Unarmed
rCold   . . .      Faith    .   (no shield)
rNeg    . . .      Spirit   .   (armour unavailable)
rPois   .          Reflect  .   (helmet currently unavailable)
rElec   .          Harm     .   q - +0 cloak
rCorr   .          Rampage  .   (no gloves)
Will    .....                   (boots currently unavailable)
Stlth   ++........              (no amulet)
HPRegen 0.12/turn               (no ring)
MPRegen 0.10/turn               (no ring)

@: appendages (expiring)
A: horns 2, talons 2, AC +5, unfitting armour, cold-blooded
a: End Transformation


You were on level 4 of the Dungeon.
You had temporarily grown beastly horns and talons.
You visited 1 branch of the dungeon, and saw 4 of its levels.

You collected 122 gold pieces.

Inventory:

Hand Weapons
 c - a +0 hunting sling
Missiles
 a - 24 stones
 d - 30 poisoned darts (quivered)
 v - 2 javelins
Armour
 q - a +0 cloak (worn)
Magical Staves
 g - a staff of poison
Jewellery
 f - an amulet of guardian spirit
 i - a +6 ring of dexterity
Wands
 r - a wand of flame (20)
Scrolls
 b - a scroll of vulnerability {unknown}
 h - a scroll of blinking {unknown}
 j - a scroll of enchant armour {unknown}
 m - a scroll of fog {unknown}
 n - 2 scrolls of identify {unknown}
 p - a scroll of immolation {unknown}
 t - a scroll of summoning {unknown}
 u - a scroll of teleportation {unknown}
Potions
 e - a potion of brilliance {unknown}
 k - a potion of resistance {unknown}
 l - a potion of might {unknown}
 o - a potion of haste {unknown}
 s - a potion of mutation {unknown}


   Skills:
 - Level 2.0 Fighting
 - Level 1.7 Dodging
 - Level 2.0 Stealth
 - Level 3.0 Unarmed Combat
 - Level 2.0 Spellcasting
 + Level 4.2 Transmutations


You had 6 spell levels left.
You knew the following spells:

 Your Spells              Type           Power      Damage    Failure   Level
a - Beastly Appendage     Tmut           28%        N/A       3%          1

Your spell library contained the following spells:

 Spells                   Type           Power      Damage    Failure   Level
 Wereblood                Tmut           14%        N/A       6%          2
 Spider Form              Tmut/Pois      7%         N/A       28%         3
 Summon Guardian Golem    Hex/Summ       1%         N/A       54%         3
 Ice Form                 Ice/Tmut       7%         N/A       67%         4
 Orb of Destruction       Conj           0%         N/A       100%        7
 Spellforged Servitor     Conj/Summ      0%         N/A       100%        7


Dungeon Overview and Level Annotations

Branches:
Dungeon (4/15)
 Temple: D:4-7

Altars:
Sif Muna


Innate Abilities, Weirdness & Mutations

You have temporarily grown beastly horns and talons.
Your plain brown scales are hard. (AC +5)
You cannot fit into any form of body armour.
You are cold-blooded and may be slowed by cold attacks.


Message History

You tail-slap the gnoll shaman, but do no damage.
The gnoll shaman is moderately wounded.
The gnoll shaman misses you. The goblin barely misses you.
You barely miss the gnoll shaman.
The gnoll shaman is moderately wounded.
The gnoll shaman hits you with a +0 whip.
The goblin barely misses you.
You hit the gnoll shaman. You claw the gnoll shaman.
The gnoll shaman is moderately wounded.
The gnoll shaman hits you with a +0 whip!
The goblin hits you but does no damage.
You barely miss the gnoll shaman. Your kick misses the gnoll shaman.
The gnoll shaman is moderately wounded.
The gnoll shaman barely misses you. The goblin closely misses you.
The gnoll shaman invokes the aid of its god against you.
You resist with some effort. The goblin closely misses you.
You hit the goblin but do no damage. Your kick misses the goblin.
Your tail-slap misses the goblin.
The goblin hits you but does no damage.
You hit the goblin but do no damage. The goblin closely misses you.
You barely miss the goblin. Your kick misses the goblin.
Your headbutt misses the goblin. The goblin hits you but does no damage.
You barely miss the goblin. Your headbutt misses the goblin.
The goblin hits you with a +0 club.
You closely miss the goblin. You headbutt the goblin.
You kill the goblin!
You hit the gnoll shaman.
The gnoll shaman is heavily wounded.
The gnoll shaman hits you with a +0 whip!
You hit the gnoll shaman.
The gnoll shaman is heavily wounded.
Your transformation is almost over.
You closely miss the gnoll shaman.
You claw the gnoll shaman, but do no damage.
The gnoll shaman is heavily wounded.
The gnoll shaman hits you with a +0 whip.
* * * LOW HITPOINT WARNING * * *
You hit the gnoll shaman.
The gnoll shaman is severely wounded.
The gnoll shaman hits you with a +0 whip!
You die...

#.# #.# #.#
#)# #<###
#.#.. #.#.#
#.#.# #.#@#
#.#g## #..w.#
##.#<#.#####.
##..#.##......
#.#...........
##.##..##'##..
##.#.##?..##.
#...#..#..# .#


You could see a gnoll shaman and a dart slug.

Vanquished Creatures
  A hound skeleton (D:4)
  4 gnolls (D:3)
  An ufetubus (D:4)
  A dart slug (D:2)
  An orc (D:3)
  4 ball pythons
  7 endoplasms
  3 giant cockroaches
  8 goblins
  3 hobgoblins
  10 jackals
  5 kobolds
  A quokka (D:3)
  7 bats
  2 frilled lizards
  3 rats
61 creatures vanquished.

Vanquished Creatures (others)
  9 plants (D:3)
9 creatures vanquished.

Grand Total: 70 creatures vanquished

Notes
Turn   | Place    | Note
-------+----------+-------------------------------------------
     0 | D:1      | HessuHobo the Draconian Transmuter began the quest for the
                  | Orb.
     0 | D:1      | Reached XP level 1. HP: 16/16 MP: 3/3
   591 | D:1      | Reached XP level 2. HP: 24/24 MP: 1/5
   671 | D:1      | Reached skill level 1 in Stealth
  1447 | D:2      | Reached XP level 3. HP: 27/29 MP: 6/6
  2398 | D:3      | Reached skill level 3 in Transmutations
  2659 | D:3      | Found a shimmering blue altar of Sif Muna.
  3121 | D:3      | Found a faded altar of an unknown god.
  3355 | D:4      | Reached XP level 4. HP: 35/36 MP: 5/7
  3674 | D:3      | Reached skill level 4 in Transmutations
  3998 | D:4      | Slain by a gnoll shaman

Illustrated notes

Levels and vault maps discovered:
D:1:      minmay_arrival_checkered_box, layout_basic
D:2:      layout_basic
D:3:      layout_basic, lemuel_doored_altar, serial_bayou, serial_bayou_pond_e,
          serial_bayou_lagoon_b, serial_bayou_shore_b,
          hellmonk_ecumenical_altar_pennies_from_heaven, lemuel_another_geyser
D:4:      layout_loops_ring, mainiacjoe_overflow_24_doors, minmay_box_of_dots

Skill      XL: |  1  2  3  4 |
---------------+-------------+-----
Fighting       | 2 |  2.0
Stealth        | 2 |  2.0
Transmutations | 3 4 |  4.2
Dodging        | |  1.7
Unarmed Combat | |  3.0
Spellcasting   | |  2.0

Action                   |  1- 3 |  4- 6 || total
-------------------------+-------+-------++-------
Melee: Unarmed           |   138 |    37 ||   175
       Headbutt          |    17 |     6 ||    23
       Tailslap          |    18 |     2 ||    20
       Kick              |    12 |     7 ||    19
       Punch             |     1 |       ||     1
 Fire: Hunting sling     |     3 |       ||     3
Throw: Stone             |     4 |       ||     4
 Cast: Beastly Appendage |    28 |     5 ||    33
 Stab: Sleeping          |     3 |       ||     3
Armor: Skin              |    49 |     6 ||    55
Dodge: Dodged            |   108 |    27 ||   135

Table legend: (Time is in decaauts)
 A = Elapsed time spent in this place.
 B = Non-inter-level travel time spent in this place.
 C = Inter-level travel time spent in this place.
 D = Time resting spent in this place.
 E = Time spent auto-exploring this place.
 F = Levels seen in this place.
 G = Mean time per level.
                   A        B        C        D        E       F      G
               +--------+--------+--------+--------+--------+-----+--------+
         Total |   4017 |   3952 |     65 |   1439 |   1885 |   4 | 1004.2 |
       Dungeon |   4017 |   3952 |     65 |   1439 |   1885 |   4 | 1004.2 |
               +--------+--------+--------+--------+--------+-----+--------+

Top non-repeatable levels by time:
     D:3: 1508 daAuts
     D:1: 1328 daAuts
     D:2: 1048 daAuts
     D:4: 131 daAuts
